 Dungeon Crawl Stone Soup version 0.29-a0-844-ge8845773e3 (webtiles) character file.

Game seed: 4334342971989340785

163 Locuples the Conjurer (level 5, -1/28 HPs)
             Began as a Deep Elf Conjurer on July 15, 2022.
             Slain by a gnoll
             ... wielding a +0 club
             ... led by a gnoll bouda
              (5 damage)
             ... on level 4 of the Dungeon.
             The game lasted 00:06:37 (3471 turns).

Locuples the Conjurer (Deep Elf Conjurer)           Turns: 3471, Time: 00:06:37

Health: -1/28      AC:  6    Str:  4    XL:     5   Next: 20%
Magic:  11/13      EV: 12    Int: 31    God:
Gold:   249        SH:  0    Dex: 13    Spells: 11/12 levels left

rFire   . . .      SeeInvis .   (no weapon)
rCold   . . .      Faith    .   (no shield)
rNeg    . . .      Spirit   .   a - +0 robe
rPois   .          Reflect  .   (no helmet)
rElec   .          Harm     .   n - +2 cloak
rCorr   .          Rampage  .   f - +0 pair of gloves
Will    .....                   (no boots)
Stlth   ++........              (no amulet)
HPRegen 0.09/turn               k - +6 ring of intelligence
MPRegen 0.13/turn               (no ring)

@: no status effects
A: no striking features
a: no special abilities


You were on level 4 of the Dungeon.
You visited 1 branch of the dungeon, and saw 4 of its levels.

You collected 249 gold pieces.

Inventory:

Armour
 a - a +0 robe (worn)
 f - a +0 pair of gloves (worn)
 n - a +2 cloak (worn)
Jewellery
 k - a +6 ring of intelligence (left hand)
Scrolls
 c - a scroll of acquirement {unknown}
 d - 4 scrolls of fog {unknown}
 e - 3 scrolls of identify {unknown}
 g - a scroll of blinking {unknown}
 l - a scroll of noise {unknown}
Potions
 b - 2 potions of magic
 h - 2 potions of invisibility {unknown}
 i - a potion of attraction {unknown}
 j - 2 potions of degeneration {unknown}
 m - a potion of haste {unknown}
 o - 2 potions of curing {unknown}
 p - a potion of brilliance {unknown}


   Skills:
 - Level 2.6 Dodging
 - Level 2.7 Stealth
 * Level 4.2 Spellcasting
 * Level 6.5 Conjurations


You had 11 spell levels left.
You knew the following spells:

 Your Spells              Type           Power      Damage    Failure   Level
a - Magic Dart            Conj           100%       1d8       1%          1

Your spell library contained the following spells:

 Spells                   Type           Power      Damage    Failure   Level
 Searing Ray              Conj           94%        2d7       1%          2
 Dazzling Flash           Conj/Hex       52%        N/A       4%          3
 Fulminant Prism          Conj/Hex       13%        3d9       16%         4
 Iskenderun's Mystic Bla  Conj/Tloc      26%        2d7       16%         4


Dungeon Overview and Level Annotations

Branches:
Dungeon (4/15)
 Temple: D:4-7

Altars:
Hepliaklqana
Trog

Annotations:
D:4 1 transporter, Gargoyl's ghost, amateur GrBe


Message History

Aiming: Magic Dart (safe; 1% risk of failure)
Press: ? - help, Shift-Dir - straight line, f/p - hound
Aim: a hound (lightly wounded, 100% to hit)
The magic dart hits the gnoll.
The gnoll is moderately wounded.
The gnoll bouda barks out a call to the hunt!
The gnolls pick up the pace!
Casting: Magic Dart (safe; 1% risk of failure)
Confirm with . or Enter, or press ? or * to list all spells.
Aiming: Magic Dart (safe; 1% risk of failure)
Press: ? - help, Shift-Dir - straight line, f/p - hound
Aim: a hound (lightly wounded, 100% to hit)
The magic dart hits the gnoll.
The gnoll is heavily wounded.
The gnoll hits you with a +0 club! The gnoll attacks as you move away!
The gnoll hits you with a +0 club. The gnoll attacks as you move away!
The gnoll hits you with a +0 club. The gnoll hits you with a +0 club.
The hound stops to sniff the ground.
Your attacks no longer feel as feeble.
The gnoll hits you but does no damage. The gnoll attacks as you move away!
The gnoll hits you but does no damage. The hound attacks as you move away!
The hound bites you. The gnoll attacks as you move away!
The gnoll hits you but does no damage. The hound bites you but does no damage.
The gnoll barely misses you. The hound bites you.
* * * LOW HITPOINT WARNING * * *
The gnoll is no longer moving quickly.
The gnoll attacks as you move away! The gnoll hits you with a +0 club.
* * * LOW HITPOINT WARNING * * *
The hound attacks as you move away! The hound misses you.
The hound closely misses you. The gnoll hits you with a +0 club.
* * * LOW HITPOINT WARNING * * *
The gnoll attacks as you move away! The gnoll barely misses you.
The gnoll attacks as you move away! The gnoll barely misses you.
The gnoll is no longer moving quickly.
The hound completely misses you.
The gnoll is no longer moving quickly.
The gnoll hits you but does no damage. The gnoll attacks as you move away!
The gnoll hits you with a +0 club.
You die...

#.# #..# #.##.##.#
#.#####..# #.##.##.#
#.##...g.###....##.# #.
#.##.##.###.#.####.# #.
#..#.##.##.###.###.# #.#
##.#.##h#...#...##.#
#.####.#.##.g..........#
#........####g......####
###.####.#######@....##
....####.......##....#
#................#.#
###..#########.#####.#
.....# #.......# ####.#
######### ####.# .....#
######


You could see a hound and 2 gnolls.

Vanquished Creatures
  A scorpion (D:3)
  A hound (D:3)
  3 adders
  A worm (D:3)
  4 ball pythons
  3 bats (D:1)
  5 endoplasms
  A giant cockroach (D:1)
  4 goblins
  8 hobgoblins
  4 kobolds
  2 quokkas
  4 frilled lizards
  2 rats (D:1)
43 creatures vanquished.

Notes
Turn   | Place    | Note
-------+----------+-------------------------------------------
     0 | D:1      | Locuples the Deep Elf Conjurer began the quest for the Orb.
     0 | D:1      | Reached XP level 1. HP: 10/10 MP: 6/6
   259 | D:1      | Reached XP level 2. HP: 15/15 MP: 6/8
   448 | D:1      | Found a faded altar of an unknown god.
   512 | D:1      | Reached skill level 5 in Conjurations
  1129 | D:2      | Reached XP level 3. HP: 19/19 MP: 7/9
  1770 | D:3      | Found a bloodstained altar of Trog.
  1782 | D:3      | Noticed a scorpion
  1795 | D:3      | Killed a scorpion
  1796 | D:3      | Reached skill level 6 in Conjurations
  1796 | D:3      | Reached XP level 4. HP: 7/24 MP: 2/11
  2400 | D:3      | Reached XP level 5. HP: 28/28 MP: 9/13
  2830 | D:3      | Found a hazy altar of Hepliaklqana.
  3032 | D:4      | Noticed a yak
  3033 | D:4      | Found a transporter.
  3042 | D:4      | Noticed Gargoyl's ghost (amateur GrBe)
  3471 | D:4      | Slain by a gnoll

Illustrated notes

Levels and vault maps discovered:
D:1:      minmay_arrival_diagonal_passages, layout_loops_ring,
          shapermc_ecumenical_altar_mp_vishouse, dreamdust_princess_corridor,
          minmay_misc_feat_encased
D:2:      layout_basic, minmay_rat_hole
D:3:      layout_loops_ring, trog_three_pillars_becter,
          nicolae_hepliaklqana_hippocampus
D:4:      layout_loops_ring, gammafunk_ghost_arena, kennysheep_path_1

Skill      XL: |  1  2  3  4 |
---------------+-------------+-----
Conjurations   | 5 6 |  6.5
Spellcasting   | 4 |  4.2
Dodging        | |  2.6
Stealth        | |  2.7

Action                   |  1- 3 |  4- 6 || total
-------------------------+-------+-------++-------
 Cast: Magic Dart        |    46 |    40 ||    86
Armor: Robe              |       |     6 ||     6
Dodge: Dodged            |     4 |    12 ||    16

Table legend: (Time is in decaauts)
 A = Elapsed time spent in this place.
 B = Non-inter-level travel time spent in this place.
 C = Inter-level travel time spent in this place.
 D = Time resting spent in this place.
 E = Time spent auto-exploring this place.
 F = Levels seen in this place.
 G = Mean time per level.
                   A        B        C        D        E       F      G
               +--------+--------+--------+--------+--------+-----+--------+
         Total |   3469 |   3469 |      0 |    563 |   2380 |   4 |  867.2 |
       Dungeon |   3469 |   3469 |      0 |    563 |   2380 |   4 |  867.2 |
               +--------+--------+--------+--------+--------+-----+--------+

Top non-repeatable levels by time:
     D:3: 1263 daAuts
     D:1: 970 daAuts
     D:2: 765 daAuts
     D:4: 470 daAuts
